 Dungeon Crawl Stone Soup version 0.28-a0-313-gbc0475efdd (webtiles) character file.

Game seed: 17376180143156351307

4 Sweetruy1997 the Skirmisher (level 1, -1/18 HPs)
             Began as a Demonspawn Chaos Knight on Aug 31, 2021.
             Was a Plaything of Xom.
             Frozen to death by an endoplasm (3 damage)
             ... on level 1 of the Dungeon.
             The game lasted 00:00:23 (41 turns).

Sweetruy1997 the Skirmisher (Demonspawn Chaos Knight) Turns: 41, Time: 00:00:24

Health: -1/18      AC:  5    Str: 12    XL:     1   Next: 58%
Magic:  1/1        EV: 11    Int: 13    God:    Xom [..*...]
Gold:   10         SH:  0    Dex: 12    Spells: 0/0 levels left

rFire   . . .      SeeInvis .   a - +0 hand axe (chaos)
rCold   . . .      Faith    .   (no shield)
rNeg    . . .      Spirit   .   b - +2 leather armour
rPois   .          Reflect  .   (no helmet)
rElec   .          Harm     .   (no cloak)
rCorr   .          Rampage  .   (no gloves)
Will    .....                   (no boots)
Stlth   +.........              (no amulet)
HPRegen 0.06/turn               (no ring)
MPRegen 0.07/turn               (no ring)

@: no status effects
A: no striking features
a: Renounce Religion


You were on level 1 of the Dungeon.
You worshipped Xom.
You were a toy of Xom.
You visited 1 branch of the dungeon, and saw 1 of its levels.

You collected 10 gold pieces.

Inventory:

Hand Weapons
 a - a +0 hand axe of chaos (weapon)
Armour
 b - a +2 leather armour (worn)


   Skills:
 + Level 3.1 Fighting
 + Level 2.9 Axes
 + Level 1.8 Armour
 + Level 0.8 Dodging


You couldn't memorise any spells.
You didn't know any spells.
Your spell library was empty.

Dungeon Overview and Level Annotations

Branches:
Dungeon (1/15)

Altars:


Message History

You kill the bat!
You see here a bat corpse.
Found two stone staircases leading down.
No target in view!
You now have 10 gold pieces.
A hobgoblin comes into view.
The hobgoblin shouts!
You hear a shout!
The hobgoblin moves out of view.
There is a stone staircase leading down here.
A kobold comes into view. It is wielding a +0 club.
The hobgoblin hits you.
You slash the hobgoblin!
You kill the hobgoblin!
You completely miss the kobold. The kobold hits you with a +0 club.
The kobold hits you but does no damage.
You closely miss the kobold. The kobold barely misses you.
You hit the kobold.
The kobold seems to grow stronger.
Xom is mildly amused.
The kobold is heavily wounded.
The kobold hits you with a +0 club.
An endoplasm comes into view.
You are too injured to fight recklessly!
You are too injured to fight recklessly!
The endoplasm quivers.
You hit the kobold. You burn the kobold.
You kill the kobold! "I wonder...
What does this button do?"
You do an impromptu tapdance.
The endoplasm hits you.
You see here a +0 club.
You barely miss the endoplasm. The endoplasm freezes you.
You are frozen.
* * * LOW HITPOINT WARNING * * *
You hit the endoplasm.
The endoplasm is almost dead.
The endoplasm freezes you.
You are frozen.
You die... "What!?
That's it?"

### +# ..# .# #.# .#
#.# ##.##
#.###.#######...##
#.......#........#
#####.#.>...†...####.
##..##.###>##.@.......
# #...##†#
#.####J.#####
###......# #.. ..#
.##....### #### .##
.8#...## .# ......# .#
.8#...# .# .##.^.# .#
###...#


You could see an endoplasm.

Vanquished Creatures
  A giant cockroach (D:1)
  A hobgoblin (D:1)
  A kobold (D:1)
  A bat (D:1)
4 creatures vanquished.

Notes
Turn   | Place    | Note
-------+----------+-------------------------------------------
     0 | D:1      | Sweetruy1997 the Demonspawn Chaos Knight began the quest
                  | for the Orb.
     0 | D:1      | Reached XP level 1. HP: 18/18 MP: 1/1
     7 | D:1      | XOM: divination: detect creatures
    38 | D:1      | XOM: silly message
    41 | D:1      | Frozen to death by an endoplasm

Illustrated notes

Levels and vault maps discovered:
D:1:      erik_arrival_orb_chamber, layout_loops_corners,
          chequers_ecumenical_altar_island

Action                   || total
-------------------------++-------
Melee: Hand axe          ||    16
Armor: Leather armour    ||     8
Dodge: Dodged            ||     5

Table legend: (Time is in decaauts)
 A = Elapsed time spent in this place.
 B = Non-inter-level travel time spent in this place.
 C = Inter-level travel time spent in this place.
 D = Time resting spent in this place.
 E = Time spent auto-exploring this place.
 F = Levels seen in this place.
 G = Mean time per level.
                   A        B        C        D        E       F      G
               +--------+--------+--------+--------+--------+-----+--------+
         Total |     43 |     43 |      0 |      0 |     11 |   1 |   43.0 |
       Dungeon |     43 |     43 |      0 |      0 |     11 |   1 |   43.0 |
               +--------+--------+--------+--------+--------+-----+--------+

Top non-repeatable levels by time:
     D:1: 43 daAuts
